 Dungeon Crawl Stone Soup version 0.31-a0-1236-gaa9e43cceb (webtiles) character file.

Game seed: 126366899113981852

22086 Bnni the Skirmisher (level 12, -7/64 HPs)
             Began as a Spriggan Hunter on Dec 15, 2023.
             Was an Elder of Fedhas.
             Killed from afar by an acid dragon (25 damage)
             ... with a splash of acid
             ... on level 12 of the Dungeon.
             The game lasted 00:30:59 (10902 turns).

Bnni the Skirmisher (Spriggan Hunter)              Turns: 10902, Time: 00:30:59

Health: -7/64      AC:  9    Str:  7    XL:     12   Next: 59%
Magic:  18/18      EV: 30    Int: 11    God:    Fedhas [****..]
Gold:   530        SH:  0    Dex: 25    Spells: 11/11 levels left

rFire   . . .        s - +3 arbalest of Destiny {penet, +Blink rPois Will+ Dex+2}
rCold   . . .        (shield currently unavailable)
rNeg    + . .        b - +0 steam dragon scales
rPois   +            (helmet restricted)
rElec   .            (no cloak)
rCorr   .            (gloves unavailable)
SInv    +            (boots unavailable)
Will    +++..        M - amulet of the acrobat
Stlth   ++           g - +4 ring of protection
HPRegen 0.30/turn    B - ring of positive energy
MPRegen 0.16/turn

%: acrobat
@: studying Unarmed Combat, very quick
A: very small, no large weapons, unfitting armour, see invisible, speed 3
a: Renounce Religion, Evoke Blink, Wall of Briars, Grow Ballistomycete, Overgrow


You were on level 12 of the Dungeon.
You worshipped Fedhas.
Fedhas was greatly pleased with you.
You visited 2 branches of the dungeon, and saw 13 of its levels.
You also visited: Gauntlet.

You collected 569 gold pieces.
You spent 39 gold pieces at shops.

Inventory:

Hand Weapons
 s - the +3 arbalest of Destiny (weapon) {penet, +Blink rPois Will+ Dex+2}
   (You found it on level 5 of the Dungeon)

   Dex+2:     It affects your dexterity (+2).
   rPois:     It protects you from poison Will+: It increases your willpower.
   +Blink:    It lets you blink.
 t - a +0 dagger of venom
Missiles
 u - a throwing net
 F - 3 curare-tipped darts
Armour
 b - +0 steam dragon scales (worn)
 G - a +2 robe of fire resistance
Jewellery
 g - a +4 ring of protection (left hand)
 B - a ring of positive energy (right hand)
 E - the ring of Sif Muna's Regard {^Drain rN+ rCorr MP+9 Int+3}
   (You found it on level 10 of the Dungeon)

   [ring of magical power]

   Int+3:     It affects your intelligence (+3).
   rN+:       It protects you from negative energy.
   MP+9:      It affects your magic capacity (+9).
   rCorr:     It protects you from acid and corrosion.
   ^Drain:    It drains your maximum health when unequipped.
 H - the ring "Siasos" {Fly rN+ Str+3 Dex-3}
   (You found it in a Gauntlet)

   [ring of positive energy]

   Str+3:     It affects your strength (+3).
   Dex-3:     It affects your dexterity (-3).
   rN+:       It protects you from negative energy.
   Fly:       It grants you flight.
 I - a ring of magical power
 K - a ring of protection from cold
 M - an amulet of the acrobat (around neck)
Wands
 j - a wand of polymorph (3)
 x - a wand of acid (5)
Scrolls
 a - 4 scrolls of fear {unknown}
 c - a scroll of torment {unknown}
 d - 12 scrolls of teleportation {unknown}
 i - 3 scrolls of poison {unknown}
 k - 2 scrolls of silence {unknown}
 m - 3 scrolls of enchant armour {unknown}
 p - 2 scrolls of fog
 q - a scroll of enchant weapon {unknown}
 D - a scroll of amnesia {unknown}
 J - a scroll of immolation {unknown}
Potions
 f - 2 potions of enlightenment
 h - 3 potions of lignification
 l - 4 potions of curing
 n - 3 potions of attraction
 o - a potion of mutation
 r - a potion of brilliance
 w - 2 potions of resistance
 z - 3 potions of haste {unknown}
 A - 3 potions of heal wounds
 C - a potion of might {unknown}
 L - a potion of magic {unknown}
Miscellaneous
 e - a phial of floods
 v - a tin of tremorstones (2/2)
 y - a phantom mirror


   Skills:
 + Level 8.1 Fighting
 * Level 13.9 Ranged Weapons
 + Level 12.4 Dodging
 - Level 1.5 Stealth
 + Level 7.9 Invocations
 - Level 8.0 Evocations


You had 11 spell levels left.
You didn't know any spells.
Your spell library contained the following spells:

 Spells                   Type           Power      Damage    Failure   Level
 Apportation              Tloc           0%         N/A       34%         1
 Magic Dart               Conj           0%         1d3       34%         1
 Call Imp                 Summ           0%         N/A       47%         2
 Jinxbite                 Hex            0%         N/A       47%         2
 Static Discharge         Conj/Air       0%         3-3/arc   47%         2
 Gell's Gravitas          Tloc           0%         N/A       71%         3
 Ignite Poison            Fire/Tmut/Pois 0%         N/A       71%         3
 Mephitic Cloud           Conj/Pois/Air  0%         N/A       71%         3
 Ozocubu's Armour         Ice            0%         N/A       71%         3
 Summon Guardian Golem    Hex/Summ       0%         N/A       71%         3
 Teleport Other           Tloc           0%         N/A       71%         3
 Tukima's Dance           Hex            0%         N/A       71%         3
 Volatile Blastmotes      Fire/Tloc      0%         2d10      71%         3
 Airstrike                Air            0%         2d(0-16)  98%         4
 Dimensional Bullseye     Hex/Tloc       0%         N/A       98%         4
 Fulminant Prism          Conj/Hex       0%         3d5       98%         4
 Iskenderun's Mystic Bla  Conj/Tloc      0%         2d3       98%         4
 Sticky Flame             Conj/Fire      0%         2d3       98%         4
 Summon Lightning Spire   Summ/Air       0%         N/A       98%         4
 Alistair's Intoxication  Tmut/Pois      0%         N/A       100%        5
 Iskenderun's Battlesphe  Conj           0%         2d6       100%        5
 Metabolic Englaciation   Hex/Ice        0%         N/A       100%        5
 Bombard                  Conj/Erth      0%         9d1       100%        6
 Dispersal                Tloc           0%         N/A       100%        6
 Simulacrum               Ice/Necr       0%         N/A       100%        6
 Orb of Destruction       Conj           0%         9d5       100%        7
 Ozocubu's Refrigeration  Ice            0%         4d7       100%        7
 Spellforged Servitor     Conj/Summ      0%         N/A       100%        7
 Ignition                 Fire           0%         3d3       100%        8


Dungeon Overview and Level Annotations

Branches:
Dungeon (12/15)            Temple (1/1) D:6            Lair (0/5) D:11
    Orc (0/2) D:9         Gauntlet (visited)

Altars:
Ashenzari
Cheibriados
Dithmenos
Elyvilon
Fedhas
Gozag
Hepliaklqana
Kikubaaqudgha
Makhleb
Nemelex Xobeh
Okawaru
Qazlal
Ru
Sif Muna
Trog
Uskayaw
Vehumet
Wu Jian
Xom
Yredelemnul
Zin
The Shining One

Shops:
D:5 (   D:6 (   D:11 (


Innate Abilities, Weirdness & Mutations

You are very small and have problems with some larger weapons.
You are too small for most types of armour.
You have supernaturally acute eyesight. (SInv)
You cover ground extremely quickly. (Speed+++)


Message History

You shoot a bolt. The bolt pierces through the manticore!
The manticore is almost dead.
You carefully extract the barbed spikes from your body.
The manticore completely misses you. The manticore claws you.
The manticore completely misses you.
The acid dragon completely misses you. x2
The manticore misses you. The manticore barely misses you.
The manticore completely misses you.
Fire: s) +3 arbalest of Destiny {penet, +Blink rPois Will+ Dex+2}
Press: ? - help, Shift-Dir - straight line, f/p - manticore
Aim: a manticore (almost dead, 80% to hit)
You shoot a bolt.
The bolt pierces through the manticore!!
You kill the manticore!
Fedhas appreciates your contribution to the ecosystem.
The acid dragon spits acid at you. The splash of acid hits you!
Unknown command.
Fire: s) +3 arbalest of Destiny {penet, +Blink rPois Will+ Dex+2}
Press: ? - help, Shift-Dir - straight line, f - acid dragon
Aim: an acid dragon (72% to hit)
You shoot a bolt.
The bolt pierces through the acid dragon!!
The acid dragon is severely wounded.
The acid dragon completely misses you. The acid dragon closely misses you.
Fire: s) +3 arbalest of Destiny {penet, +Blink rPois Will+ Dex+2}
Press: ? - help, Shift-Dir - straight line, f/p - acid dragon
Aim: an acid dragon (severely wounded, 72% to hit)
You shoot a bolt.
The bolt pierces through the acid dragon but does no damage.
The acid dragon is severely wounded.
The acid dragon misses you. The acid dragon claws you.
* * * LOW HITPOINT WARNING * * *
Fire: s) +3 arbalest of Destiny {penet, +Blink rPois Will+ Dex+2}
Press: ? - help, Shift-Dir - straight line, f/p - acid dragon
Aim: an acid dragon (severely wounded, 72% to hit)
You shoot a bolt. The bolt barely misses the acid dragon.
The acid dragon spits acid at you. The splash of acid hits you!!
You die...
Fedhas appreciates your contribution to the ecosystem.

..........
.........#
.......[$#
......(..#
.........#
.........#
......†D.#
#@# #.#
#|# #>#
#.# #.#
#.# #.#
#.#


You could see an acid dragon (catching breath).

Vanquished Creatures
  A minotaur (Gauntlet)
  Josephine (D:10)
  A hydra (D:9)
  A boulder beetle (D:9)
  5 two-headed ogres
  Sonja (D:10)
  4 lindwurms (D:8)
  An arcanist (Gauntlet)
  A deep elf pyromancer (D:11)
  2 manticores
  3 cyclopes
  A minotaur zombie (Gauntlet)
  A rime drake (D:11)
  An unseen horror (D:11)
  2 kobold demonologists
  A yaktaur (D:11)
  2 trolls
  A meliai (D:9)
  2 hornets (D:9)
  A slime creature (D:9)
  2 centaur simulacra (Gauntlet)
  An unseen horror simulacrum (D:9)
  2 vampires (D:10)
  5 wraiths (D:10)
  9 yaks
  3 vampire mosquitoes (D:11)
  2 steam dragons (D:9)
  A hydra simulacrum (Gauntlet)
  An acid dragon (D:9)
  A water moccasin (D:6)
  A meliai simulacrum (Gauntlet)
  4 orc warriors (D:9)
  An ice beast (D:11)
  A black bear (D:5)
  2 ogres (D:5)
  4 wolves (D:11)
  9 centaurs
  2 phantoms
  2 kobold brigands (D:8)
  6 bullfrogs
  A gnoll sergeant (D:11)
  4 scorpions
  4 wights
  7 killer bees
  4 howler monkeys
  4 jellies
  3 gnoll boudas
  6 orc priests
  6 hounds
  7 iguanas
  2 sleepcaps (D:6)
  19 orc wizards
  10 adders
  21 gnolls
  4 shadow imps
  3 white imps
  2 ufetubi (D:7)
  A dart slug (D:3)
  30 orcs
  8 endoplasms
  A giant cockroach (D:1)
  6 goblins
  7 hobgoblins
  2 jackals (D:2)
  6 quokkas
  4 ball pythons
  4 bats
  A frilled lizard (D:1)
  11 kobolds
  4 rats
  A ballistomycete spore (Gauntlet)
285 creatures vanquished.

Vanquished Creatures (collateral kills)
  8 ballistomycete spores
8 creatures vanquished.

Vanquished Creatures (others)
  An occultist (Gauntlet)
  A ballistomycete spore (D:9)
2 creatures vanquished.

Grand Total: 295 creatures vanquished

Notes
Turn   | Place    | Note
-------+----------+-------------------------------------------
     0 | D:1      | Bnni the Spriggan Hunter began the quest for the Orb.
     0 | D:1      | Reached XP level 1. HP: 10/10 MP: 2/2
    56 | D:1      | Reached XP level 2. HP: 15/15 MP: 3/3
   736 | D:2      | Reached XP level 3. HP: 18/18 MP: 4/4
  1467 | D:3      | Noticed a scorpion
  1468 | D:3      | Reached XP level 4. HP: 23/23 MP: 5/5
  1495 | D:3      | Killed a scorpion
  1496 | D:3      | Reached skill level 5 in Ranged Weapons
  1582 | D:3      | Reached XP level 5. HP: 27/27 MP: 6/6
  1675 | D:3      | Found a glowing golden altar of the Shining One.
  1808 | D:3      | Found a snail-covered altar of Cheibriados.
  2309 | D:4      | Reached XP level 6. HP: 28/32 MP: 7/7
  2335 | D:4      | Reached skill level 6 in Ranged Weapons
  2495 | D:4      | Reached skill level 5 in Dodging
  3449 | D:4      | Reached XP level 7. HP: 36/36 MP: 8/8
  3696 | D:5      | Entered Level 5 of the Dungeon
  3766 | D:5      | Found a glowing silver altar of Zin.
  3779 | D:5      | Found an ancient bone altar of Kikubaaqudgha.
  3927 | D:5      | Reached skill level 7 in Ranged Weapons
  4085 | D:5      | Identified the +3 arbalest of Destiny {penet, +Blink rPois
                  | Will+ Dex+2}
  4354 | D:5      | Found Siunkeg's Antique Weapon Shoppe.
  4360 | D:5      | Reached XP level 8. HP: 42/42 MP: 9/9
  4611 | D:6      | Found a hide-covered altar of Uskayaw.
  4685 | D:6      | Reached skill level 1 in Evocations
  4689 | D:6      | Reached skill level 8 in Ranged Weapons
  4716 | D:6      | Found a staircase to the Ecumenical Temple.
  4752 | Temple   | Entered the Ecumenical Temple
  4768 | Temple   | Became a worshipper of Fedhas Madash
  4811 | D:6      | Found Rolear's Weapon Shoppe.
  4815 | D:6      | Bought a throwing net for 39 gold pieces
  5062 | D:6      | Reached skill level 1 in Invocations
  5205 | D:6      | Found an opulent altar of Gozag.
  5350 | D:6      | Found a shimmering altar of Xom.
  5407 | D:6      | Found a shimmering blue altar of Sif Muna.
  5652 | D:7      | Reached * piety under Fedhas
  5698 | D:7      | Found a broken altar of Ashenzari.
  5743 | D:7      | Reached XP level 9. HP: 46/46 MP: 11/11
  5764 | D:7      | Found a radiant altar of Vehumet.
  5813 | D:7      | Reached skill level 9 in Ranged Weapons
  6065 | D:8      | Found a sacrificial altar of Ru.
  6157 | D:8      | Reached skill level 5 in Fighting
  6159 | D:8      | Found a shadowy altar of Dithmenos.
  6238 | D:8      | Noticed a kobold demonologist
  6243 | D:8      | Killed a kobold demonologist
  6316 | D:8      | Found a burning altar of Makhleb.
  6469 | D:8      | Identified the +6 rapier "Roet" {heavy, Str+2 Dex+4}
  6519 | D:8      | Found an ornate altar of the Wu Jian Council.
  6535 | D:8      | Reached ** piety under Fedhas
  6561 | D:8      | Found a sparkling altar of Nemelex Xobeh.
  6657 | D:8      | Reached skill level 5 in Evocations
  6809 | D:8      | Noticed a lindwurm
  6809 | D:8      | Noticed a lindwurm
  6809 | D:8      | Noticed a lindwurm
  6814 | D:8      | Killed a lindwurm
  6815 | D:8      | Reached skill level 10 in Ranged Weapons
  6817 | D:8      | Killed a lindwurm
  6817 | D:8      | Noticed a lindwurm
  6818 | D:8      | Reached XP level 10. HP: 53/53 MP: 12/14
  6822 | D:8      | Killed a lindwurm
  6825 | D:8      | Killed a lindwurm
  7105 | D:8      | Identified the staff "Jellyslayer" {^Contam rF+ Conj Fire
                  | Ice Air}
  7326 | D:9      | Noticed a two-headed ogre
  7336 | D:9      | Killed a two-headed ogre
  7337 | D:9      | Reached skill level 11 in Ranged Weapons
  7360 | D:9      | Reached skill level 5 in Invocations
  7438 | D:9      | Reached *** piety under Fedhas
  7537 | D:9      | Found a staircase to the Orcish Mines.
  7567 | D:9      | Noticed a cyclops
  7568 | D:9      | Paralysed by a hornet for 3 turns
  7761 | D:9      | Killed a cyclops
  7762 | D:9      | Reached skill level 10 in Dodging
  7804 | D:9      | Reached XP level 11. HP: 42/58 MP: 16/16
  7818 | D:9      | Noticed a two-headed ogre
  7835 | D:9      | Killed a two-headed ogre
  7875 | D:9      | Noticed an eight-headed hydra
  7882 | D:9      | Killed an eight-headed hydra
  7996 | D:9      | Noticed a boulder beetle
  8047 | D:9      | Killed a boulder beetle
  8102 | D:9      | Reached skill level 12 in Ranged Weapons
  8613 | D:10     | Entered Level 10 of the Dungeon
  8758 | D:10     | Noticed a two-headed ogre
  8761 | D:10     | Killed a two-headed ogre
  8798 | D:10     | Found a bloodstained altar of Trog.
  8850 | D:10     | Noticed a two-headed ogre
  8855 | D:10     | Killed a two-headed ogre
  8861 | D:10     | Identified the ring of Sif Muna's Regard {^Drain rN+ rCorr
                  | MP+9 Int+3}
  8900 | D:10     | Noticed Sonja
  8911 | D:10     | Killed Sonja
  8931 | D:10     | Noticed Josephine
  8951 | D:10     | Killed Josephine
  9325 | D:11     | Reached XP level 12. HP: 63/63 MP: 18/18
  9329 | D:11     | Reached skill level 13 in Ranged Weapons
  9335 | D:11     | Reached **** piety under Fedhas
  9444 | D:11     | Found Upisengiu's Weapon Boutique.
  9483 | D:11     | Found a staircase to the Lair.
  9602 | D:11     | Found a gate leading to a gauntlet.
  9605 | D:11     | Noticed a two-headed ogre
  9615 | D:11     | Killed a two-headed ogre
  9628 | Gauntlet | Entered a Gauntlet
  9628 | Gauntlet | Found a transporter.
  9628 | Gauntlet | Found a large runed translucent door.
  9628 | Gauntlet | Found a large runed translucent door.
  9628 | Gauntlet | Found a large runed translucent door.
  9628 | Gauntlet | Found a large runed translucent door.
  9628 | Gauntlet | Found a large runed translucent door.
  9628 | Gauntlet | Found a large runed translucent door.
  9628 | Gauntlet | Found a runed translucent door.
  9628 | Gauntlet | Found a runed translucent door.
  9628 | Gauntlet | Found a large runed translucent door.
  9628 | Gauntlet | Found a large runed translucent door.
  9628 | Gauntlet | Found a large runed translucent door.
  9628 | Gauntlet | Found a large runed translucent door.
  9628 | Gauntlet | Found a large runed translucent door.
  9628 | Gauntlet | Found a large runed translucent door.
  9629 | Gauntlet | Found a large runed translucent door.
  9629 | Gauntlet | Found a large runed translucent door.
  9629 | Gauntlet | Found a large runed translucent door.
  9629 | Gauntlet | Found a large runed translucent door.
  9637 | Gauntlet | Found a transporter.
  9637 | Gauntlet | Found a runed translucent gate.
  9637 | Gauntlet | Found a runed translucent gate.
  9637 | Gauntlet | Found a runed translucent gate.
  9638 | Gauntlet | Found a transporter.
  9639 | Gauntlet | Found a transporter.
  9642 | Gauntlet | Found a transporter.
  9643 | Gauntlet | Found a transporter.
  9645 | Gauntlet | Noticed a blizzard demon
  9648 | Gauntlet | Noticed a ghost crab
  9652 | Gauntlet | Found a transporter.
  9652 | Gauntlet | Found a transporter.
  9669 | Gauntlet | Found a transporter.
  9694 | Gauntlet | Found a transporter.
  9696 | Gauntlet | Found a transporter.
  9705 | Gauntlet | Found a transporter.
  9945 | Gauntlet | Identified the ring "Siasos" {Fly rN+ Str+3 Dex-3}
 10168 | Gauntlet | Identified the +4 scale mail of the First Nightmares {Fly
                  | rN+ Int+2}
 10168 | Gauntlet | Noticed a minotaur
 10176 | Gauntlet | Killed a minotaur
 10597 | D:11     | Found a radiant altar of Vehumet.
 10902 | D:12     | Killed from afar by an acid dragon

Illustrated notes

Levels and vault maps discovered:
D:1:      wander_arrival_fairy_ring, layout_loops_ring
D:2:      layout_basic
D:3:      layout_basic, nicolae_overflow_hidden_temple,
          mainiacjoe_overflow_small_starburst
D:4:      layout_cave_pods, minmay_misc_feat_hallway
D:5:      layout_loops_cross, mainiacjoe_overflow_catch_the_wave, serial_shops,
          shop, hangedman_decor_peaks_small, kennysheep_generic_room_12
D:6:      minmay_flawed_box, layout_basic, tgw_sif, lemuel_doored_altar,
          mainiacjoe_overflow_alcove_4, mainiacjoe_overflow_alcove_2,
          minmay_temple_entry_proselytizer, serial_shops,
          nicolae_shop_back_alley_shop, kennysheep_doodads
D:7:      layout_rooms, mainiacjoe_overflow_alcove_1, kennysheep_little_box
D:8:      layout_loops_corners, nemelex_xobeh_ov_fountains_minmay,
          mainiacjoe_overflow_surrounded_room, mainiacjoe_overflow_chevrons,
          mainiacjoe_overflow_catwalk, mainiacjoe_overflow_cross_hatched,
          minmay_misc_feat_five, chequers_avenue, minmay_lindwurm_lava
D:9:      minmay_the_grid_triangle_9x9_recursive_2_mashed
          [minmay_the_grid_triangle_9x9_prize_schism,
          minmay_the_grid_triangle_9x9_dagger,
          minmay_the_grid_triangle_9x9_sparse_checkered,
          minmay_the_grid_triangle_9x9_skeleton], layout_irregular_city,
          orc_0_dummy
D:10:     layout_irregular_city, old_standard_altar, serial_park_tiny_2,
          uniq_sonja, uniq_josephine
D:11:     kennysheep_big_flooded_room, layout_cave_pools,
          hellmonk_lair_entry_icy, serial_shops, shop, gauntlet_entry_generic,
          nicolae_vehumet_radiance
D:12:     layout_roguey, portal_ice_cave_entry_pillars_1
Temple:   nicolae_temple_superstar

Skill      XL: |  1  2  3  4  5  6  7  8  9 10 11 12 |
---------------+-------------------------------------+-----
Dodging        | 3 4 5 6 7 9 10 11 12 | 12.4
Fighting       | 2 3 4 5 6 7 8 |  8.1
Ranged Weapons | 5 6 7 8 10 11 12 13 | 13.9
Evocations     | 3 5 7 8 |  8.0
Invocations    | 2 4 5 7 |  7.9
Stealth        | |  1.5

Action                     |  1- 3 |  4- 6 |  7- 9 | 10-12 || total
---------------------------+-------+-------+-------+-------++-------
  Melee: Arbalest          |       |       |       |     1 ||     1
   Fire: Shortbow          |   133 |   187 |    53 |       ||   373
         Arbalest          |       |       |   191 |   343 ||   534
  Throw: Throwing net      |       |       |       |     1 ||     1
         Dart              |       |       |       |     1 ||     1
 Invoke: Grow Ballistomyce |       |       |       |     5 ||     5
         Wall of Briars    |       |       |       |     1 ||     1
    Use: Scroll            |       |       |     7 |     7 ||    14
         Potion            |       |       |       |     2 ||     2
 Armour: Robe              |    10 |    26 |    24 |    24 ||    84
         Steam dragon scal |       |       |       |    42 ||    42
  Dodge: Dodged            |    41 |    57 |    85 |   197 ||   380

Table legend: (Time is in decaauts)
 A = Elapsed time spent in this place.
 B = Non-inter-level travel time spent in this place.
 C = Inter-level travel time spent in this place.
 D = Time resting spent in this place.
 E = Time spent auto-exploring this place.
 F = Levels seen in this place.
 G = Mean time per level.
                   A        B        C        D        E       F      G
               +--------+--------+--------+--------+--------+-----+--------+
         Total |   7901 |   7399 |    502 |    392 |   4966 |  14 |  564.4 |
       Dungeon |   7440 |   6956 |    484 |    274 |   4855 |  12 |  620.0 |
        Temple |     20 |      2 |     18 |      0 |      0 |   1 |   20.0 |
      Gauntlet |    440 |    440 |      0 |    118 |    111 |   1 |  440.0 |
               +--------+--------+--------+--------+--------+-----+--------+

Top non-repeatable levels by time:
     D:4: 1125 daAuts
     D:9: 1013 daAuts
     D:8: 923 daAuts
     D:6: 725 daAuts
    D:11: 660 daAuts
     D:5: 595 daAuts
     D:3: 554 daAuts
    D:10: 511 daAuts
     D:2: 475 daAuts
Gauntlet: 440 daAuts
     D:1: 427 daAuts
     D:7: 332 daAuts
    D:12: 95 daAuts
  Temple: 20 daAuts
